 Dungeon Crawl Stone Soup version 0.26-a0-1060-g086102a3f0 (webtiles) character file.

Game seed: 4112335217979121958

24854 Anlio the Martial Artist (level 13, -2/95 HPs)
             Began as an Octopode Transmuter on Dec 13, 2020.
             Was an Initiate of Gozag.
             Slain by an elephant (14 damage)
             ... on level 3 of the Lair of Beasts.
             The game lasted 00:47:48 (23279 turns).

Anlio the Martial Artist (Octopode Transmuter)     Turns: 23279, Time: 00:47:48

Health: -2/95      AC:  2    Str: 10    XL:     13   Next: 15%
Magic:  20/20      EV: 21    Int: 15    God:    Gozag
Gold:   352        SH: 10    Dex: 17    Spells: 16/22 levels left

rFire    . . .     SeeInvis +     - Unarmed
rCold    . . .     Faith    .   M - +0 buckler
rNeg     . . .     Spirit   .   a - +1 hat
rPois    .         Reflect  +   N - amulet of reflection
rElec    .         Harm     .   d - ring of resist corrosion
rCorr    +         Rampage  .   j - ring of see invisible
Will     +....                  H - ring of willpower
Stlth    +++.......             (no ring)
HPRegen  0.25/turn              (no ring)
MPRegen  0.17/turn              (no ring)
                                (no ring)
                                (no ring)

@: wereblooded (expiring), gold aura
A: almost no armour, stealthy swim, amphibious, 8 rings, constrict 8, camouflage
1, gelatinous body 1
a: Potion Petition, Call Merchant, Bribe Branch, Renounce Religion


You were on level 3 of the Lair of Beasts.
You worshipped Gozag.
Gozag was aware of your devotion.
You visited 3 branches of the dungeon, and saw 15 of its levels.
You also visited: Sewer and Ossuary.

You collected 2183 gold pieces.
You spent 770 gold pieces at shops.
You paid 1061 gold pieces to Gozag.

Inventory:

Missiles
 k - 54 poisoned darts (quivered)
Armour
 a - a +1 hat (worn)
 M - a +0 buckler (worn)
Jewellery
 d - a ring of resist corrosion (left tentacle)
 i - an uncursed amulet of the acrobat
 j - a ring of see invisible (right tentacle)
 s - an uncursed ring of fire
 H - a ring of willpower (on tentacle)
 K - the ring "Kaunor" {*Slow rC++ Stlth+}
   (You found it on level 11 of the Dungeon)

   [ring of stealth]

   It greatly protects you from cold.
   It may slow you when you take damage.
   It makes you more stealthy.
 N - an amulet of reflection (around mantle)
 O - an uncursed ring of poison resistance {unknown}
Wands
 m - a wand of paralysis (19)
 n - a wand of disintegration (11)
 q - a wand of enslavement (4)
 x - a wand of digging (3)
 B - a wand of acid (21)
 C - a wand of polymorph (15)
 E - a wand of flame (16)
 J - a wand of iceblast (8)
Scrolls
 c - 4 scrolls of enchant weapon
 o - 5 scrolls of blinking
 p - 4 scrolls of remove curse
 t - 7 scrolls of teleportation
 u - 2 scrolls of identify
 v - 3 scrolls of magic mapping
 w - a scroll of fear
 y - 4 scrolls of fog
 A - 2 scrolls of immolation
 F - a scroll of amnesia
 I - 4 scrolls of enchant armour
Potions
 b - 3 potions of brilliance
 e - 5 potions of flight
 f - 4 potions of might
 g - a potion of mutation
 h - 5 potions of curing
 l - 2 potions of cancellation
 r - 2 potions of lignification
 z - 2 potions of haste
 D - a potion of invisibility
 G - a potion of resistance
 L - 3 potions of attraction


   Skills:
 + Level 11.1 Fighting
 + Level 11.1 Dodging
 - Level 4.0 Shields
 + Level 11.1 Unarmed Combat
 - Level 5.0 Spellcasting
 + Level 8.0 Transmutations
 - Level 6.0 Poison Magic


You had 16 spell levels left.
You knew the following spells:

 Your Spells              Type           Power        Failure   Level
a - Spider Form           Tmut/Pois      ###.......   2%          3
b - Wereblood             Tmut           ####....     1%          2
c - Beastly Appendage     Tmut           ####..       1%          1

Your spell library contained the following spells:

 Spells                   Type           Power        Failure   Level
 Freeze                   Ice            #...         16%         1
 Summon Small Mammal      Summ           #...         16%         1
 Blade Hands              Tmut           ####......   17%         5
 Call Imp                 Summ           #.......     24%         2
 Ice Form                 Ice/Tmut       ###.....     30%         4
 Call Canine Familiar     Summ           #.......     43%         3
 Frozen Ramparts          Ice            #.....       43%         3
 Ozocubu's Armour         Ice            #.......     43%         3
 Summon Guardian Golem    Hex/Summ       #.......     43%         3
 Hailstorm                Conj/Ice       #.......     85%         4
 Summon Ice Beast         Ice/Summ       #.......     85%         4
 Summon Lightning Spire   Summ/Air       #.......     85%         4


Dungeon Overview and Level Annotations

Branches:
Dungeon (11/15)            Temple (1/1) D:7            Lair (3/6) D:11
 Shoals (0/4) Lair:2       Spider (0/4) Lair:3          Orc (0/2) D:11
  Sewer (visited)         Ossuary (visited)

Altars:
Ashenzari
Cheibriados
Dithmenos
Elyvilon
Fedhas
Gozag
Hepliaklqana
Kikubaaqudgha
Makhleb
Nemelex Xobeh
Okawaru
Qazlal
Ru
Sif Muna
Trog
Uskayaw
Vehumet
Wu Jian
Xom
Yredelemnul
Zin
The Shining One
Beogh

Shops:
D:9 [   D:10 =

Annotations:
D:2 1 runed translucent door, Crazy Yiuf
D:8 1 exclusion
D:10 exclusions: 2 downstairs and 3 more exclusions


Innate Abilities, Weirdness & Mutations

You cannot wear most types of armour.
You are very stealthy in the water. (Stealth+)
You are amphibious.
You can wear up to eight rings at the same time.
You can use your tentacles to constrict eight enemies at once.
Your skin changes colour to match your surroundings (Stealth+).
Your rubbery body absorbs attacks. (AC +1, EV +1)


Message History

The elephant is heavily wounded.
You hit the elephant but do no damage.
The elephant looks as sick as possible!
The elephant is heavily wounded.
The elephant becomes distracted by the nearby gold, dreaming of imaginary riches.
You hit the elephant but do no damage.
The elephant looks as sick as possible!
The elephant is no longer distracted by gold.
The elephant is heavily wounded.
The elephant closely misses you. The elephant trunk-slaps you.
* * * LOW HITPOINT WARNING * * *
You bite the elephant!
The elephant looks as sick as possible!
The elephant is almost dead.
Your primal bloodlust is almost over.
The elephant closely misses you. x2
You bite the elephant!
The elephant looks as sick as possible!
The elephant is almost dead.
Your transformation has ended.
Your +1 hat unmelds from your body.
Your +0 buckler unmelds from your body.
The elephant tramples you!
You die...
Your body crumbles into a pile of gold.

P.##.## ##......###..### ##.
#.##..# ###.<....## ##...####..
.###..#####.........# ##....#....
#.###..##.#.........###........##
.......###.............#......###
...........##...##.........#.....
#.........#####.###.......##.....
##P#....#### ##Y###...######....
#####.....# #@$.###.# #.##.
####..# ##$.# ### ##### ### ####


You could see an elephant (extremely poisoned).

Vanquished Creatures
  Fannar (Lair:1)
  A boulder beetle (Lair:2)
  A two-headed ogre (D:9)
  2 cyclopes (D:10)
  A manticore (Lair:2)
  3 elephants (Lair:3)
  An orc sorcerer (D:11)
  6 black mambas
  Maurice (D:9)
  3 cane toads
  3 komodo dragons
  A rime drake (Lair:1)
  A troll (D:10)
  A polar bear (Lair:1)
  A wind drake (Lair:2)
  3 blink frogs (Lair:3)
  Sigmund (D:5)
  A tarantella (Lair:3)
  A shadow (D:10)
  4 yaks
  5 wyverns
  A two-headed ogre zombie (D:11)
  An acid dragon (D:10)
  9 water moccasins
  4 orc warriors
  2 sky beasts
  2 ice beasts (D:8)
  2 eyes of draining
  A necrophage (D:11)
  4 black bears
  17 wolves
  5 phantoms
  6 ogres
  7 centaurs
  A big kobold (Sewer)
  A gnoll sergeant (D:9)
  11 bullfrogs
  4 scorpions
  12 killer bees
  5 wights
  2 howler monkeys (D:9)
  A centaur zombie (D:7)
  A quasit (D:7)
  3 hounds
  2 jellies
  An orc priest (D:8)
  A bullfrog skeleton (D:7)
  An iguana (D:10)
  3 orc wizards
  11 worker ants
  A killer bee zombie (D:6)
  6 ogre zombies (D:11)
  7 big kobold zombies (Ossuary)
  A hound zombie (D:7)
  A mummy (Ossuary)
  3 worker ant zombies
  2 howler monkey zombies
  2 howler monkey skeletons
  8 gnolls
  13 adders
  3 river rats
  3 shadow imps
  A white imp (D:5)
  2 oozes (D:3)
  2 adder zombies
  A worm (D:2)
  A dart slug (D:3)
  5 leopard geckos
  46 orcs
  10 bats
  9 giant cockroaches
  5 gnoll zombies (Ossuary)
  9 hobgoblins
  17 jackals
  A quokka (D:5)
  3 ball pythons
  3 bat simulacra (Ossuary)
  3 frilled lizards
  7 goblins
  2 goblin skeletons (D:11)
  6 goblin zombies
  A hobgoblin skeleton (D:11)
  9 hobgoblin zombies
  10 kobolds
  9 kobold simulacra (Ossuary)
  4 kobold zombies (Ossuary)
  4 orc skeletons (D:11)
  17 orc zombies
  14 rats
  4 spectral goblins (Ossuary)
  7 spectral kobolds (Ossuary)
425 creatures vanquished.

Vanquished Creatures (others)
  A quokka (D:11)
  14 fungi
  11 plants
26 creatures vanquished.

Grand Total: 451 creatures vanquished

Notes
Turn   | Place    | Note
-------+----------+-------------------------------------------
     0 | D:1      | Anlio the Octopode Transmuter began the quest for the Orb.
     0 | D:1      | Reached XP level 1. HP: 13/13 MP: 3/3
   135 | D:1      | Reached skill level 1 in Poison Magic
   270 | D:1      | Reached XP level 2. HP: 17/18 MP: 3/5
   540 | D:1      | Reached XP level 3. HP: 21/23 MP: 4/6
   548 | D:1      | Learned a level 3 spell: Spider Form
   570 | D:1      | Learned a level 2 spell: Wereblood
  1886 | D:2      | Found a burning altar of Makhleb.
  1886 | D:2      | Found a stormy altar of Qazlal.
  2240 | D:2      | Found a sacrificial altar of Ru.
  2249 | D:2      | Reached XP level 4. HP: 24/28 MP: 3/7
  2418 | D:2      | Found a runed translucent door.
  2419 | D:2      | Noticed Crazy Yiuf
  2888 | D:3      | Found a bloodstained altar of Trog.
  3207 | D:3      | Reached XP level 5. HP: 32/33 MP: 4/8
  3420 | D:3      | Found a glowing drain.
  3482 | Sewer    | Entered a sewer
  3668 | Sewer    | Noticed a big kobold
  3681 | Sewer    | Killed a big kobold
  4074 | Sewer    | Found a glowing silver altar of Zin.
  4159 | D:3      | Reached XP level 6. HP: 38/38 MP: 5/9
  5299 | D:4      | Reached skill level 5 in Poison Magic
  5599 | D:4      | Reached skill level 5 in Transmutations
  5713 | D:4      | Found a glowing golden altar of the Shining One.
  5793 | D:4      | Became a worshipper of the Shining One
  6198 | D:5      | Entered Level 5 of the Dungeon
  6227 | D:5      | Reached XP level 7. HP: 43/43 MP: 6/10
  6267 | D:5      | Found a sand-covered staircase.
  6274 | Ossuary  | Entered an ossuary
  6345 | Ossuary  | Reached * piety under the Shining One
  6370 | Ossuary  | Reached ** piety under the Shining One
  6777 | Ossuary  | Reached *** piety under the Shining One
  6936 | Ossuary  | Reached **** piety under the Shining One
  7511 | D:5      | Noticed Sigmund
  7522 | D:5      | Killed Sigmund
  7523 | D:5      | Reached XP level 8. HP: 41/51 MP: 8/11
  7602 | D:5      | Found a sparkling altar of Nemelex Xobeh.
  7604 | D:5      | Found a snail-covered altar of Cheibriados.
  7604 | D:5      | Found an ornate altar of the Wu Jian Council.
  7604 | D:5      | Found a blossoming altar of Fedhas.
  7605 | D:5      | Found an iron altar of Okawaru.
  8209 | D:6      | Reached ***** piety under the Shining One
  8862 | D:7      | Reached skill level 5 in Unarmed Combat
  8945 | D:7      | Noticed a yak
  8945 | D:7      | Noticed a yak
  8945 | D:7      | Noticed a yak
  8958 | D:7      | Killed a yak
  8959 | D:7      | Reached skill level 5 in Fighting
  8959 | D:7      | Reached skill level 5 in Dodging
  8961 | D:7      | Noticed a yak
  8966 | D:7      | Reached XP level 9. HP: 15/61 MP: 7/12
  9523 | D:7      | Found a staircase to the Ecumenical Temple.
  9534 | Temple   | Entered the Ecumenical Temple
 10314 | D:7      | Found a bloodstained altar of Trog.
 10454 | D:7      | Found a hazy altar of Hepliaklqana.
 10787 | D:8      | Found a basalt altar of Yredelemnul.
 10789 | D:8      | Found an opulent altar of Gozag.
 10827 | D:8      | Fell from the grace of the Shining One
 10827 | D:8      | Became a worshipper of Gozag Ym Sagoz the Greedy
 11105 | D:8      | Reached XP level 10. HP: 62/71 MP: 7/13
 11271 | D:8      | Found a roughly hewn altar of Beogh.
 11488 | D:8      | Found a glowing silver altar of Zin.
 11775 | D:8      | Found a broken altar of Ashenzari.
 12726 | D:9      | Found a shadowy altar of Dithmenos.
 13063 | D:9      | Found Umiyku Immee's Antique Armour Emporium.
 13201 | D:9      | Noticed a two-headed ogre
 13204 | D:9      | Reached XP level 11. HP: 80/80 MP: 14/14
 13212 | D:9      | Killed a two-headed ogre
 13706 | D:9      | Noticed Maurice
 13714 | D:9      | Paralysed by Maurice for 7 turns
 13722 | D:9      | Killed Maurice
 13939 | D:10     | Entered Level 10 of the Dungeon
 14273 | D:10     | Reached skill level 10 in Fighting
 14273 | D:10     | Reached skill level 10 in Dodging
 14273 | D:10     | Reached skill level 10 in Unarmed Combat
 15218 | D:11     | Noticed a cyclops
 15493 | D:11     | Noticed an orc sorcerer
 16336 | D:10     | Bought an uncursed ring of willpower for 350 gold pieces
 16462 | D:11     | Killed an orc sorcerer
 16471 | D:10     | Killed a cyclops
 16582 | D:11     | Reached skill level 5 in Spellcasting
 16594 | D:11     | Noticed a cyclops
 16829 | D:11     | Reached XP level 12. HP: 66/87 MP: 14/19
 16996 | D:11     | Found a staircase to the Orcish Mines.
 17186 | D:11     | Got a wavering amber ring
 17474 | D:11     | Found a staircase to the Lair.
 17760 | D:10     | Bought an uncursed amulet of reflection for 420 gold pieces
 17765 | D:10     | Identified the ring "Kaunor" {*Slow rC++ Stlth+} (You found
                  | it on level 11 of the Dungeon)
 17892 | Lair:1   | Entered Level 1 of the Lair of Beasts
 17973 | D:11     | Reached skill level 1 in Shields
 18498 | Lair:1   | Noticed Fannar
 18520 | Lair:1   | Killed Fannar
 19162 | Lair:1   | Found the +8 whip "Snakebite" {curare, rPois}
 20090 | Lair:2   | Found a staircase to the Shoals.
 21186 | Lair:3   | Noticed a boulder beetle
 21233 | Lair:2   | Killed a boulder beetle
 22312 | Lair:3   | Found a hole to the Spider Nest.
 22595 | Lair:3   | Reached XP level 13. HP: 94/94 MP: 16/20
 23279 | Lair:3   | Slain by an elephant

Illustrated notes

Levels and vault maps discovered:
D:1:      dpeg_arrival_subterranean_lakeside_camping, layout_loops_cross,
          st_stairs_10, chequers_serial_rivers_small_b
D:2:      layout_basic, gammafunk_temple_overflow_wave,
          nicolae_ru_great_annihilating_truth, uniq_crazy_yiuf_cottage
D:3:      layout_loops_corners, portal_sewer_entry_b, bloody_trog
D:4:      layout_cave_pools, nicolae_tso_carved_into_rock
D:5:      layout_loops_ring, grunt_temple_overflow_open, enter_ossuary_5,
          uniq_sigmund
D:6:      layout_gridville, serial_rivers, chequers_serial_rivers_micro_e,
          chequers_serial_rivers_micro_c, chequers_serial_rivers_micro_c,
          chequers_serial_rivers_micro_e, chequers_serial_rivers_small_3,
          chequers_serial_rivers_large_b, minmay_misc_feat_diagonals
D:7:      layout_basic, old_standard_altar, minmay_temple_entry_crystal_x,
          serial_glass, glass_columns_c, glass_columns_a, glass_columns_b,
          glass_columns_a, glass_columns_a, glass_columns_a, glass_columns_b,
          glass_columns_a, glass_columns_a, glass_columns_b, basic_altar,
          minmay_misc_feat_cross, hangedman_decor_push
D:8:      layout_loops_ring, nicolae_overflow_crystal_walls,
          chequers_temple_overflow_statue_of_worship, special_room
          [special_room_orc], hangedman_decor_points, nrook_mini_backslash,
          lemuel_centaur_altar
D:9:      layout_grid_maze, lemuel_crystal_altar, serial_shops, shop,
          uniq_maurice
D:10:     layout_basic, item_on_display_a
D:11:     layout_rooms, grunt_lair_entry_orc_guard_hut, zombieorc2_lemuel
Temple:   kb_temple_of_zot
Lair:1:   minmay_guarded_unrand_snakebite, layout_chaotic_city, uniq_fannar
Lair:2:   layout_chaotic_city, minmay_shoals_entry_beasts
Lair:3:   beast_lair_carwin_large_4, layout_layer_cave,
          spider_nest_entry_rubble, nicolae_quartered_pool_medium,
          minmay_lindwurm_lava

Skill      XL: |  1  2  3  4  5  6  7  8  9 10 11 12 13 |
---------------+----------------------------------------+-----
Poison Magic   | 1 2 3 4 5 6 |  6.0
Transmutations | 3 4 5 6 7 8 |  8.0
Fighting       | 2 5 7 9 10 11 | 11.1
Dodging        | 3 5 7 9 10 11 | 11.1
Unarmed Combat | 4 5 6 9 10 11 | 11.1
Spellcasting   | 5 |  5.0
Shields        | 4 |  4.0

Action                   |  1- 3 |  4- 6 |  7- 9 | 10-12 | 13-15 || total
-------------------------+-------+-------+-------+-------+-------++-------
Melee: Unarmed           |    87 |   151 |   434 |   687 |    65 ||  1424
       Constrict         |    13 |     3 |    36 |     6 |       ||    58
       Tentacles         |    10 |     1 |    36 |     5 |       ||    52
       Kick              |     7 |       |    49 |       |       ||    56
       Punch             |       |       |     6 |     2 |       ||     8
Throw: Dart              |       |       |       |     1 |       ||     1
 Cast: Beastly Appendage |    12 |       |    25 |       |     3 ||    40
       Spider Form       |    14 |    39 |    38 |    78 |     6 ||   175
       Wereblood         |       |     7 |    14 |    44 |     6 ||    71
Invok: Divine Shield     |       |       |     1 |       |       ||     1
       Call Merchant     |       |       |       |     1 |       ||     1
       Potion Petition   |       |       |       |     1 |       ||     1
 Abil: End Transformatio |     1 |       |       |       |     1 ||     2
Evoke: Wand              |       |       |       |     1 |       ||     1
  Use: Scroll            |       |     6 |    13 |     6 |       ||    25
       Potion            |       |     1 |     1 |     5 |       ||     7
 Stab: Sleeping          |     3 |     2 |       |     2 |       ||     7
       Paralysed         |     1 |       |       |       |       ||     1
       Invisible         |       |     2 |       |       |       ||     2
       Distracted        |       |       |       |     1 |       ||     1
Armor: Skin              |     8 |     6 |    14 |    18 |     4 ||    50
Dodge: Dodged            |    71 |   122 |   323 |   891 |    58 ||  1465
Block: Other             |       |       |     3 |    73 |    10 ||    86
       Buckler           |       |       |       |     9 |       ||     9

Table legend: (Time is in decaauts)
 A = Elapsed time spent in this place.
 B = Non-inter-level travel time spent in this place.
 C = Inter-level travel time spent in this place.
 D = Time resting spent in this place.
 E = Time spent auto-exploring this place.
 F = Levels seen in this place.
 G = Mean time per level.
                   A        B        C        D        E       F      G
               +--------+--------+--------+--------+--------+-----+--------+
         Total |  23104 |  21921 |   1183 |   2756 |  15582 |  17 | 1359.1 |
       Dungeon |  16361 |  15208 |   1153 |   1624 |  11023 |  11 | 1487.4 |
        Temple |    150 |    147 |      3 |      0 |    145 |   1 |  150.0 |
          Lair |   5137 |   5110 |     27 |    798 |   3693 |   3 | 1712.3 |
         Sewer |    646 |    646 |      0 |    334 |    161 |   1 |  646.0 |
       Ossuary |    807 |    807 |      0 |      0 |    560 |   1 |  807.0 |
               +--------+--------+--------+--------+--------+-----+--------+

Top non-repeatable levels by time:
    D:10: 2981 daAuts
     D:9: 2061 daAuts
  Lair:2: 2006 daAuts
     D:2: 1927 daAuts
  Lair:1: 1638 daAuts
  Lair:3: 1492 daAuts
     D:3: 1448 daAuts
     D:8: 1356 daAuts
     D:7: 1328 daAuts
     D:1: 1265 daAuts
     D:5: 1122 daAuts
     D:6: 1008 daAuts
    D:11: 955 daAuts
     D:4: 906 daAuts
 Ossuary: 807 daAuts
